 Dungeon Crawl Stone Soup version 0.21.0-3-g78d12a8 (webtiles) character file.

63 Danny the Skirmisher (level 3, -5/33 HPs)
             Began as a Minotaur Fighter on Jan 14, 2018.
             Killed by nerve-wracking pain
             ... invoked by Grinder
              (8 damage)
             ... while paralysed by Grinder
             ... on level 3 of the Dungeon on Jan 15, 2018.
             The game lasted 00:20:35 (2216 turns).

Danny the Skirmisher (Minotaur Fighter)             Turns: 2216, Time: 00:20:36

Health: -5/33      AC:  7    Str: 20    XL:     3   Next: 87%
Magic:  2/2        EV:  2    Int:  5    God:
Gold:   51         SH:  0    Dex: 10    Spells: 2/2 levels left

rFire    . . .     SeeInvis .   a - +0 war axe
rCold    . . .     Gourm    .   c - +0 shield
rNeg     . . .     Faith    .   b - +0 scale mail
rPois    .         Spirit   .   (helmet restricted)
rElec    .         Reflect  .   (no cloak)
rCorr    .         Harm     .   (no gloves)
MR       .....                  (no boots)
Stlth    ..........             (no amulet)
HPRegen  0.11/turn              (no ring)
MPRegen  0.08/turn              (no ring)

@: paralysed
A: retaliatory headbutt, horns 2
a: no special abilities


You were on level 3 of the Dungeon.
You were not hungry.

You visited 1 branch of the dungeon, and saw 3 of its levels.

You collected 51 gold pieces.

Inventory:

Hand Weapons
 a - a +0 war axe (weapon)
 l - a cursed +0 spear
Missiles
 n - 89 bolts
 q - a javelin (quivered)
 Q - 72 stones
Armour
 b - a +0 scale mail (worn)
 c - a +0 shield (worn)
 h - a +0 pair of boots
Scrolls
 e - a scroll of enchant weapon {unknown}
 g - a scroll of fear {unknown}
 i - a scroll of remove curse {unknown}
 j - a scroll of teleportation {unknown}
 k - a scroll of immolation {unknown}
 m - a scroll of blinking {unknown}
Potions
 d - a potion of might
 o - a potion of heal wounds {unknown}
Comestibles
 f - 2 rations


   Skills:
 + Level 4.2 Fighting
 * Level 3.7 Axes
 + Level 4.1 Armour
 + Level 4.2 Shields


You had 2 spell levels left.
You didn't know any spells.

Dungeon Overview and Level Annotations

Branches:
Dungeon (3/15)

Altars:

Annotations:
D:3 Grinder, Ijyb


Innate Abilities, Weirdness & Mutations

You reflexively headbutt those who attack you in melee.
You have a pair of horns on your head.


Message History

The kobold hits you but does no damage. The ooze hits you but does no damage.
Ijyb hits you but does no damage. The dart slug launches a dart at you.
The slug dart hits you!
* * * LOW HITPOINT WARNING * * *
The jackal bites you but does no damage.
Grinder hits you.
* * * LOW HITPOINT WARNING * * *
You writhe in agony.
* * * LOW HITPOINT WARNING * * *
The jackal bites you but does no damage.
The kobold hits you but does no damage. The ooze hits you.
* * * LOW HITPOINT WARNING * * *
Ijyb hits you with a club.
* * * LOW HITPOINT WARNING * * *
The dart slug bites you.
* * * LOW HITPOINT WARNING * * *
Grinder gestures at you. Pain shoots through your body!
You die...

#..........#
#..........#
#.......>..#
###........##
#...........#
#....(......#
##......(....#
......h5g.<..#
..(...K@w....#
........J...##
...........##
..........##
......[...#
..........#
..........#
#####.#####


You could see Grinder, Ijyb, an ooze, a dart slug, a jackal and a kobold.

Vault maps used:
D:1:      kb_arrival_jail
D:2:      minmay_diamond_boxcup
D:3:      uniq_natasha, uniq_ijyb, uniq_grinder

Notes
Turn   | Place    | Note
-------+----------+-------------------------------------------
     0 | D:1      | Danny the Minotaur Fighter began the quest for the Orb.
     0 | D:1      | Reached XP level 1. HP: 19/19 MP: 0/0
     2 | D:1      | Noticed a minotaur
     2 | D:1      | Noticed an elf
     4 | D:1      | Noticed a tengu
     8 | D:1      | Noticed a troll
     8 | D:1      | Noticed a dwarf
    10 | D:1      | Noticed a centaur
    10 | D:1      | Noticed a demigod
    12 | D:1      | Noticed a gargoyle
    12 | D:1      | Noticed a ghoul
    14 | D:1      | Noticed a naga
    14 | D:1      | Noticed a felid
    16 | D:1      | Noticed a vine stalker
    16 | D:1      | Noticed a formicid
    18 | D:1      | Noticed a draconian
    18 | D:1      | Noticed a demonspawn
    20 | D:1      | Noticed a human
    20 | D:1      | Noticed a merfolk
    22 | D:1      | Noticed a halfling
    24 | D:1      | Noticed a spriggan
    26 | D:1      | Noticed a vampire
    26 | D:1      | Noticed an ogre
    28 | D:1      | Noticed an octopode
   191 | D:1      | Reached XP level 2. HP: 27/27 MP: 1/1
   249 | D:1      | Reached skill level 3 in Axes
   898 | D:2      | Reached skill level 4 in Fighting
   898 | D:2      | Reached XP level 3. HP: 33/33 MP: 2/2
   950 | D:2      | Reached skill level 4 in Shields
  1009 | D:2      | Reached skill level 4 in Armour
  1183 | D:2      | HP: 6/33 [orc/trident (5)]
  1984 | D:3      | Noticed Ijyb
  1986 | D:3      | Noticed Grinder
  2214 | D:3      | Paralysed by Grinder for 4 turns
  2215 | D:3      | HP: 8/33 [Grinder (5)]
  2216 | D:3      | HP: 3/33 [dart slug (2)]
  2216 | D:3      | Killed from afar by Grinder

Table legend:
 A = Turns spent in this place as a percentage of turns spent in the entire game.
 B = Non-inter-level travel turns spent in this place as a percentage of non-inter-level travel turns spent in the entire game.
 C = Inter-level travel turns spent in this place as a percentage of turns spent in this place.
 D = Turns resting spent in this place as a percentage of non-inter-level travel turns spent in this place.
 E = Turns spent auto-exploring this place as a percentage of non-inter-level travel turns spent in this place.
 F = Non-inter-level travel turns spent in this place divided by the number of levels of this place that you've seen.
                   A       B       C       D       E      F
               +-------+-------+-------+-------+-------+----------------------
         Total | 100.0 | 100.0 |  27.4 |  16.0 |  53.6 | 536.3
       Dungeon | 100.0 | 100.0 |  27.4 |  16.0 |  53.6 | 536.3
               +-------+-------+-------+-------+-------+----------------------

Table legend:
 A = Kills in this place as a percentage of kills in entire the game.
 B = Kills by you in this place as a percentage of kills by you in the entire game.
 C = Kills by friends in this place as a percentage of kills by friends in the entire game.
 D = Other kills in this place as a percentage of other kills in the entire game.
 E = Experience gained in this place as a percentage of experience gained in the entire game.
 F = Experience gained in this place divided by the number of levels of this place that you have seen.
                   A       B       C       D       E      F
               +-------+-------+-------+-------+-------+----------------------
         Total | 100.0 | 100.0 |   N/A |   N/A | 100.0 |  30.0
       Dungeon | 100.0 | 100.0 |   N/A |   N/A | 100.0 |  30.0
               +-------+-------+-------+-------+-------+----------------------

Skill      XL: |  1  2  3 |
---------------+----------+-----
Axes           | 3 |  3.7
Fighting       | 4 |  4.2
Shields        | 4 |  4.2
Armour         | 4 |  4.1

Action                   || total
-------------------------++-------
Melee: War axe           ||    57
       Headbutt          ||     6
Throw: Javelin           ||    41
       Stone             ||    30
  Eat: Ration            ||     1
       Chunk             ||     1
Armor: Scale mail        ||    49
Dodge: Dodged            ||    34
Block: Shield            ||    64

Vanquished Creatures
  An adder (D:2)
  An ooze (D:1)
  A worm (D:2)
  A dart slug (D:2)
  2 leopard geckos (D:2)
  An orc (D:2)
  2 ball pythons (D:2)
  11 bats
  4 hobgoblins
  3 jackals
  3 kobolds (D:2)
  A frilled lizard (D:2)
  4 goblins
  5 rats
40 creatures vanquished.
